 Dungeon Crawl Stone Soup version 0.29.1-15-g9cfb28693d (webtiles) character file.

Game seed: 5189855156494415104

895 Heoruswealwe the Magician (level 7, 0/32 (36) HPs)
             Began as a Deep Elf Earth Elementalist on Mar 24, 2023.
             Was a Believer of the Shining One.
             Slain by Edmund
             ... wielding a +5 flail of draining
              (1 damage)
             ... on level 5 of the Dungeon.
             The game lasted 00:33:58 (2816 turns).

Heoruswealwe the Magician (DEEE)                    Turns: 2816, Time: 00:33:59

HP:   0/32 (36)     AC:  4    Str:  5    XL:     7   Next: 78%
MP:   17/20         EV: 12    Int: 22    God:    the Shining One [**....]
Gold: 199           SH:  0    Dex: 15    Spells: 11/21 levels left

rFire   . . .      SeeInvis .   a - +2 dagger (elec)
rCold   . . .      Faith    .   (no shield)
rNeg    + . .      Spirit   .   c - +0 robe
rPois   +          Reflect  .   g - +0 helmet
rElec   .          Harm     .   (no cloak)
rCorr   +          Rampage  .   f - +0 pair of gloves
Will    .....                   (no boots)
Stlth   +.........              (no amulet)
HPRegen 0.10/turn               k - ring of poison resistance
MPRegen 0.17/turn               j - ring of resist corrosion

@: glowing, heavily drained
A: no striking features
a: Renounce Religion, Divine Shield


You were on level 5 of the Dungeon.
You worshipped the Shining One.
The Shining One was pleased with you.
You visited 1 branch of the dungeon, and saw 6 of its levels.

You collected 199 gold pieces.

Inventory:

Hand Weapons
 a - a +2 dagger of electrocution (weapon)
 b - a +0 hand axe
Armour
 c - a +0 robe (worn)
 f - a +0 pair of gloves (worn)
 g - a +0 helmet (worn)
 h - a +0 robe
 i - a +0 robe
 q - a +0 robe
 r - a +0 robe
 x - a +0 robe
 y - a +0 robe
 z - a +0 robe
Jewellery
 j - a ring of resist corrosion (right hand)
 k - a ring of poison resistance (left hand)
Scrolls
 d - a scroll of brand weapon
 l - 2 scrolls of amnesia {unknown}
 m - a scroll of teleportation
 o - a scroll of blinking
 u - a scroll of magic mapping
 A - a scroll of enchant weapon {unknown}
Potions
 e - a potion of brilliance {unknown}
 n - 3 potions of degeneration {unknown}
 p - 2 potions of resistance {unknown}
 s - 2 potions of heal wounds {unknown}
 t - 2 potions of haste {unknown}
 v - a potion of berserk rage {unknown}
 w - a potion of magic
 B - a potion of might {unknown}


   Skills:
 - Level 2.4 Dodging
 - Level 2.4 Stealth
 * Level 7.9 Spellcasting
 + Level 4.2 Transmutations
 * Level 7.0 Earth Magic


You had 11 spell levels left.
You knew the following spells:

 Your Spells              Type           Power      Damage    Failure   Level
a - Sandblast             Erth           78%        2d17      1%          1
b - Stone Arrow           Conj/Erth      48%        3d10      5%          3
c - Petrify               Tmut/Erth      33%        N/A       8%          4
z - Passwall              Tmut/Erth      27%        N/A       1%          2

Your spell library contained the following spells:

 Spells                   Type           Power      Damage    Failure   Level
 Apportation              Tloc           16%        N/A       8%          1
 Magic Dart               Conj           32%        1d4       8%          1
 Necrotise                Necr           32%        1d5       8%          1
 Summon Small Mammal      Summ           32%        N/A       8%          1
 Searing Ray              Conj           16%        2d5       12%         2
 Static Discharge         Conj/Air       8%         3-4/arc   12%         2
 Anguish                  Hex/Necr       4%         N/A       58%         4
 Dispel Undead            Necr           8%         3d8       58%         4
 Fulminant Prism          Conj/Hex       4%         3d6       58%         4
 Sticky Flame             Conj/Fire      8%         2d3       58%         4
 Enfeeble                 Hex            4%         N/A       100%        7


Dungeon Overview and Level Annotations

Branches:
Dungeon (6/15)
 Temple: D:4-7

Altars:
Uskayaw
Yredelemnul
The Shining One

Shops:
D:1 (

Annotations:
D:5 Edmund, Sigmund


Message History

Edmund attacks as you move away! Edmund misses you.
You feel less confused.
You are too injured to fight recklessly!
Casting: Sandblast (safe; 1% risk of failure)
Confirm with . or Enter, or press ? or * to list all spells.
Aiming: Sandblast (safe; 1% risk of failure)
Press: ? - help, Shift-Dir - straight line, f - Edmund
Aim: Edmund, wielding a +5 flail of draining and wearing a +3 leather armour of positive energy (haloed, 87% to hit)
The blast of sand hits Edmund!
Edmund is lightly wounded.
Edmund barely misses you. x2
Casting: Sandblast (safe; 1% risk of failure)
Confirm with . or Enter, or press ? or * to list all spells.
Aiming: Sandblast (safe; 1% risk of failure)
Press: ? - help, Shift-Dir - straight line, f/p - Edmund
Aim: Edmund, wielding a +5 flail of draining and wearing a +3 leather armour of positive energy (lightly wounded, haloed, 87% to hit)
The blast of sand hits Edmund!
Edmund is heavily wounded.
Edmund hits you with a +5 flail of draining!
* * * LOW HITPOINT WARNING * * *
You partially resist.
You feel drained.
Casting: Sandblast (safe; 1% risk of failure)
Confirm with . or Enter, or press ? or * to list all spells.
Aiming: Sandblast (safe; 1% risk of failure)
Press: ? - help, Shift-Dir - straight line, f/p - Edmund
Aim: Edmund, wielding a +5 flail of draining and wearing a +3 leather armour of positive energy (heavily wounded, haloed, 87% to hit)
The blast of sand hits Edmund.
Edmund is severely wounded.
Edmund barely misses you. x2
Casting: Sandblast (safe; 1% risk of failure)
Confirm with . or Enter, or press ? or * to list all spells.
Aiming: Sandblast (safe; 1% risk of failure)
Press: ? - help, Shift-Dir - straight line, f/p - Edmund
Aim: Edmund, wielding a +5 flail of draining and wearing a +3 leather armour of positive energy (severely wounded, haloed, 87% to hit)
The blast of sand hits Edmund!
Edmund is severely wounded.
Edmund hits you with a +5 flail of draining!
* * * LOW HITPOINT WARNING * * *
You partially resist.
You feel drained.
You die...

..##... ## ###..#. #..
....#..
........#....#...#..
##..... .....#...#..
.......##........#.##
......##.........#..##
...#.............#..)# #
...##............#@.##..#
.......#........@#......#
.................@@..#..#
.....................# .#
.................#...# #
.....)........##.#...#
...............#.#...#
..........>.#....#...#
............##...#....
.................#)#...


You could see Edmund and Sigmund (invisible).

Vanquished Creatures
  2 water moccasins (D:5)
  2 ogres
  2 scorpions (D:4)
  A howler monkey (D:4)
  2 hounds
  An orc priest (D:4)
  4 orc wizards
  5 adders
  An ufetubus (D:5)
  3 worms
  2 dart slugs
  13 orcs
  6 endoplasms
  4 giant cockroaches
  6 hobgoblins
  14 jackals
  7 quokkas
  8 ball pythons
  5 bats
  5 frilled lizards (D:1)
  4 goblins
  11 kobolds
  4 rats
112 creatures vanquished.

Vanquished Creatures (others)
  A plant (D:1)
1 creature vanquished.

Grand Total: 113 creatures vanquished

Notes
Turn   | Place    | Note
-------+----------+-------------------------------------------
     0 | D:1      | Heoruswealwe the Deep Elf Earth Elementalist began the
                  | quest for the Orb.
     0 | D:1      | Reached XP level 1. HP: 10/10 MP: 6/6
   143 | D:1      | Reached XP level 2. HP: 15/15 MP: 1/8
   146 | D:1      | Learned a level 2 spell: Passwall
   238 | D:1      | Found Feupsuve's Weapon Boutique.
   455 | D:1      | Reached XP level 3. HP: 16/19 MP: 3/10
   499 | D:1      | Learned a level 3 spell: Stone Arrow
   639 | D:1      | Found a faded altar of an unknown god.
   650 | D:1      | Prayed at the altar of an unknown god.
   650 | D:1      | Became a worshipper of the Shining One
   650 | D:1      | Reached * piety under the Shining One
  1127 | D:2      | Reached XP level 4. HP: 24/24 MP: 10/12
  1138 | D:2      | Learned a level 4 spell: Petrify
  1315 | D:3      | HP: 1/24 [bat (1)]
  1517 | D:3      | Found a hide-covered altar of Uskayaw.
  1736 | D:4      | Reached skill level 5 in Spellcasting
  1736 | D:4      | Reached XP level 5. HP: 28/28 MP: 9/14
  1896 | D:4      | Found a basalt altar of Yredelemnul.
  1954 | D:4      | Reached skill level 5 in Earth Magic
  2109 | D:4      | Reached XP level 6. HP: 32/32 MP: 14/16
  2109 | D:4      | Reached ** piety under the Shining One
  2204 | D:4      | You fall into a shaft and drop 2 floors!
  2215 | D:5      | Entered Level 5 of the Dungeon
  2222 | D:5      | Noticed a water moccasin
  2230 | D:5      | Killed a water moccasin
  2231 | D:5      | Reached XP level 7. HP: 32/36 MP: 15/19
  2802 | D:5      | Noticed Sigmund
  2803 | D:5      | Noticed Edmund
  2816 | D:5      | HP: 1/33 [Edmund/+5 flail of draining (8)]
  2816 | D:5      | Slain by Edmund

Illustrated notes

Levels and vault maps discovered:
D:1:      saegor_arrival_under_anarchy, layout_basic, serial_shops,
          nicolae_shop_bloodbath_and_beyond, ebering_ecumenical_altar_mist
D:2:      kennysheep_big_flooded_room, layout_basic
D:3:      layout_rooms, lemuel_crystal_altar, st_stairs_9
D:4:      layout_gridville, overflow_temple_1_default
D:5:      cheibrodos_quashed, layout_cave_pools, sigmund_edmund_badplayer
D:6:      nicolae_cairo_tiling_large_dashed, layout_layer_cave,
          mainiacjoe_overflow_alcove_3, trog_butcher_becter,
          minmay_temple_entry_oklob, uniq_eustachio

Skill      XL: |  1  2  3  4  5  6  7 |
---------------+----------------------+-----
Spellcasting   | 4 5 6 7 |  7.9
Earth Magic    | 4 5 6 7 |  7.0
Transmutations | 2 3 4 |  4.2
Dodging        | |  2.4
Stealth        | |  2.4

Action                   |  1- 3 |  4- 6 |  7- 9 || total
-------------------------+-------+-------+-------++-------
Melee: Unarmed           |     5 |       |       ||     5
       Punch             |     1 |       |       ||     1
       Dagger            |       |       |     3 ||     3
 Cast: Sandblast         |    57 |    71 |    32 ||   160
       Passwall          |     5 |       |     1 ||     6
  Use: Scroll            |       |       |     5 ||     5
Armor: Robe              |     7 |    11 |       ||    18
Dodge: Dodged            |    11 |    26 |    12 ||    49
